 Dungeon Crawl Stone Soup version 0.27-a0-1202-ge72e49191c (webtiles) character file.

Game seed: 5879635795872926209

474 Glokmah the Poker (level 7, 0/53 HPs)
             Began as a Merfolk Warper on June 4, 2021.
             Was a Follower of Sif Muna.
             Slain by Pikel
             ... wielding a +0 whip of electrocution
              (5 damage)
             ... on level 4 of the Dungeon.
             The game lasted 00:07:55 (4959 turns).

Glokmah the Poker (Merfolk Warper)                  Turns: 4959, Time: 00:07:55

Health: 0/53       AC:  4    Str: 12    XL:     7   Next: 10%
Magic:  2/11       EV: 12    Int: 14    God:    Sif Muna [*.....]
Gold:   101        SH:  0    Dex: 13    Spells: 4/12 levels left

rFire    . . .     SeeInvis +   b - +0 rapier (venom)
rCold    . . .     Faith    .   (no shield)
rNeg     . . .     Spirit   .   c - +0 leather armour
rPois    .         Reflect  .   l - +0 helmet
rElec    .         Harm     .   (no cloak)
rCorr    .         Rampage  .   (no gloves)
Will     .....                  (no boots)
Stlth    +.........             (no amulet)
HPRegen  0.17/turn              j - ring of see invisible
MPRegen  0.12/turn              (no ring)

@: no status effects
A: (nimble swimmer 2), mertail
a: Renounce Religion, Channel Magic


You were on level 4 of the Dungeon.
You worshipped Sif Muna.
Sif Muna was aware of your devotion.
You visited 1 branch of the dungeon, and saw 4 of its levels.
You also visited: Sewer.

You collected 101 gold pieces.

Inventory:

Hand Weapons
 a - a +0 trident
 b - a +0 rapier of venom (weapon)
Missiles
 e - 4 boomerangs of dispersal
 g - 2 javelins (quivered)
 k - 21 poisoned darts
Armour
 c - a +0 leather armour (worn)
 l - a +0 helmet (worn)
Jewellery
 j - a ring of see invisible (left hand)
Scrolls
 d - a scroll of blinking
 i - 2 scrolls of identify
 r - a scroll of acquirement {unknown}
Potions
 f - a potion of lignification
 h - a potion of might
 m - a potion of heal wounds {unknown}
 n - 2 potions of flight {unknown}
 o - 2 potions of curing {unknown}
 p - a potion of mutation {unknown}
 q - a potion of magic {unknown}


   Skills:
 + Level 3.9 Fighting
 * Level 6.6 Polearms
 - Level 1.0 Throwing
 - Level 0.6 Armour
 - Level 2.6 Dodging
 + Level 3.2 Spellcasting
 * Level 4.2 Translocations


You had 4 spell levels left.
You knew the following spells:

 Your Spells              Type           Power      Damage    Failure   Level
a - Blink                 Tloc           N/A        N/A       7%          2
b - Gell's Gravitas       Tloc           7%         N/A       14%         3
c - Teleport Other        Tloc           14%        N/A       14%         3

Your spell library contained the following spells:

 Spells                   Type           Power      Damage    Failure   Level
 Lesser Beckoning         Tloc           7%         N/A       14%         3
 Manifold Assault         Tloc           14%        N/A       78%         5


Dungeon Overview and Level Annotations

Branches:
Dungeon (4/15)             Temple (0/1) D:4           Sewer (visited)

Altars:
Sif Muna

Shops:
D:2 (

Annotations:
D:4 Pikel


Innate Abilities, Weirdness & Mutations

((You are quick and stealthy near water. (Stealth+, EV+, Speed+++)))
Your lower body shifts to a powerful aquatic tail in water.


Message History

You throw a javelin. The javelin closely misses the lemure.
The javelin closely misses Pikel.
The javelin pierces through the lemure.
The lemure is heavily wounded.
An ufetubus comes into view.
The lemure hits you.
The ufetubus shouts!
You hit Pikel.
Pikel is moderately wounded.
Pikel hits you but does no damage.
Your +0 rapier of venom begins to drip with poison!
b - a +0 rapier of venom (weapon)
Pikel hits you with a +0 whip of electrocution!
You are electrocuted!
* * * LOW HITPOINT WARNING * * *
You hit Pikel but do no damage.
Pikel is poisoned.
Pikel is moderately wounded.
Pikel hits you with a +0 whip of electrocution.
* * * LOW HITPOINT WARNING * * *
You closely miss Pikel.
Pikel is moderately wounded.
Pikel barely misses you. Pikel misses you.
Pikel says, "Hell isn't that bad."
Casting: Gell's Gravitas (dangerous; 14% risk of failure)
Confirm with . or Enter, or press ? or * to list all spells.
You blink.
Throw: 3 javelins
Press: ? - help, Q - select action, (/) - cycle Shift-Dir - straight line, f/p - lemure
Aim: a lemure (heavily wounded, 50% to hit)
You throw a javelin. The javelin barely misses Pikel.
The javelin pierces through the lemure but does no damage.
The lemure is heavily wounded.
The javelin barely misses the lemure.
The javelin pierces through the lemure!
The lemure is moderately wounded.
You hit Pikel but do no damage.
Pikel is heavily wounded.
Pikel hits you with a +0 whip of electrocution.
You die...

#((.# ...+ ...# ...
#######5###
#.#..##.#.#
#.#..5.5..#
#.#.###5### #@K.555(#
####.##### #....#
##.###.##
#.####..########.#
##.#.................#
.........########.##.#
##......## ...
##......# #.#


You could see Pikel (poisoned), 4 lemures and an ufetubus.

Vanquished Creatures
  Grinder (D:4)
  A kobold brigand (Sewer)
  A jelly (D:3)
  An iguana (D:4)
  An orc wizard (D:2)
  3 adders
  2 river rats (Sewer)
  2 worms (D:3)
  4 dart slugs
  8 orcs
  4 ball pythons
  5 endoplasms
  3 giant cockroaches
  2 goblins
  6 hobgoblins
  10 jackals
  4 kobolds (Sewer)
  3 quokkas
  2 bats
  A frilled lizard (D:3)
  2 rats
66 creatures vanquished.

Notes
Turn   | Place    | Note
-------+----------+-------------------------------------------
     0 | D:1      | Glokmah the Merfolk Warper began the quest for the Orb.
     0 | D:1      | Reached XP level 1. HP: 16/16 MP: 3/3
   241 | D:1      | Reached XP level 2. HP: 17/22 MP: 5/5
   287 | D:1      | Learned a level 2 spell: Blink
   911 | D:1      | Reached XP level 3. HP: 28/28 MP: 6/6
  1358 | D:2      | Found Voahap's Weapon Boutique.
  1408 | D:2      | Reached skill level 4 in Polearms
  1408 | D:2      | Reached XP level 4. HP: 13/34 MP: 7/7
  1721 | D:2      | Found a faded altar of an unknown god.
  1728 | D:2      | Became a worshipper of Sif Muna the Loreminder
  1728 | D:2      | Reached * piety under Sif Muna
  2422 | D:3      | Found a glowing drain.
  2432 | Sewer    | Entered a sewer
  2701 | Sewer    | Noticed a kobold brigand
  2716 | Sewer    | Killed a kobold brigand
  2717 | Sewer    | Reached skill level 5 in Polearms
  2717 | Sewer    | Reached XP level 5. HP: 13/41 MP: 7/9
  3009 | Sewer    | Found a white marble altar of Elyvilon.
  3580 | D:3      | Reached XP level 6. HP: 42/47 MP: 10/10
  3584 | D:3      | Learned a level 3 spell: Gell's Gravitas
  3588 | D:3      | Learned a level 3 spell: Teleport Other
  4129 | D:4      | Found a staircase to the Ecumenical Temple.
  4472 | D:4      | Noticed Grinder
  4479 | D:4      | Paralysed by Grinder for 6 turns
  4500 | D:4      | Paralysed by Grinder for 4 turns
  4516 | D:4      | Killed Grinder
  4517 | D:4      | Reached skill level 6 in Polearms
  4517 | D:4      | Reached XP level 7. HP: 11/53 MP: 8/11
  4940 | D:4      | Noticed Pikel
  4959 | D:4      | Slain by Pikel

Illustrated notes

Levels and vault maps discovered:
D:1:      sevenhm_arrival_forest_fort_large_4, layout_rooms
D:2:      layout_loops_ring, serial_shops, nicolae_shop_trees,
          chequers_ecumenical_altar_simple, chequers_serial_rivers_micro_d,
          grunt_ministairs_9
D:3:      layout_loops_corners, cheibrodos_sewer_entry_sluice
D:4:      layout_loops_corners, grunt_temple_overflow_holy_war,
          minmay_temple_entry_statues_pillars, uniq_pikel, uniq_grinder

Skill      XL: |  1  2  3  4  5  6 |
---------------+-------------------+-----
Polearms       | 4 5 6 |  6.6
Translocations | 3 4 |  4.2
Fighting       | 3 |  3.9
Spellcasting   | 3 |  3.2
Throwing       | |  1.0
Armour         | |  0.6
Dodging        | |  2.6

Action                   |  1- 3 |  4- 6 |  7- 9 || total
-------------------------+-------+-------+-------++-------
Melee: Short sword       |    71 |    37 |       ||   108
       Spear             |    15 |       |       ||    15
       Rapier            |       |    50 |     3 ||    53
       Trident           |       |    59 |     7 ||    66
Throw: Javelin           |       |     8 |     4 ||    12
       Dart              |       |     3 |       ||     3
       Boomerang         |       |     1 |       ||     1
 Cast: Blink             |       |     3 |     1 ||     4
       Gell's Gravitas   |       |       |     3 ||     3
  Use: Scroll            |       |     4 |       ||     4
 Stab: Sleeping          |       |     2 |       ||     2
Armor: Leather armour    |    14 |    38 |     1 ||    53
Dodge: Dodged            |    52 |   109 |     4 ||   165

Table legend: (Time is in decaauts)
 A = Elapsed time spent in this place.
 B = Non-inter-level travel time spent in this place.
 C = Inter-level travel time spent in this place.
 D = Time resting spent in this place.
 E = Time spent auto-exploring this place.
 F = Levels seen in this place.
 G = Mean time per level.
                   A        B        C        D        E       F      G
               +--------+--------+--------+--------+--------+-----+--------+
         Total |   4954 |   4712 |    242 |   1418 |   2364 |   5 |  990.8 |
       Dungeon |   4335 |   4093 |    242 |    946 |   2329 |   4 | 1083.8 |
         Sewer |    619 |    619 |      0 |    472 |     34 |   1 |  619.0 |
               +--------+--------+--------+--------+--------+-----+--------+

Top non-repeatable levels by time:
     D:3: 1302 daAuts
     D:1: 1186 daAuts
     D:2: 979 daAuts
     D:4: 866 daAuts
   Sewer: 619 daAuts
